 Dungeon Crawl Stone Soup version 0.17-a0-1650-gce8475a (webtiles) character file.

156 kae the Firebug (level 5, 0/28 HPs)
             Began as a Tengu Fire Elementalist on Aug 13, 2015.
             Was an Initiate of Vehumet.
             Slain by a phantom (5 damage)
             ... on level 4 of the Dungeon.
             The game lasted 00:04:12 (3321 turns).

kae the Firebug (Tengu Fire Elementalist)           Turns: 3321, Time: 00:04:12

Health: 0/28       AC:  3    Str:  8    XL:     5   Next: 38%
Magic:  1/9        EV:  7    Int: 17    God:    Vehumet [......]
Gold:   192        SH:  0    Dex: 14    Spells: 3 memorised, 2 levels left

rFire  . . .     SeeInvis .     l - +0 spear
rCold  . . .     Clarity  .     a - +0 robe
rNeg   . . .     SustAt   .     (no shield)
rPois  .         Gourm    .     o - +0 hat
rElec  .         Spirit   .     (no cloak)
rCorr  .         Warding  .     s - +0 pair of gloves
rMut   .         Stasis   .     (boots unavailable)
MR     .....                    (no amulet)
Stlth  ++........               (no ring)
                                (no ring)

@: not resistant to hostile enchantments, unstealthy
A: beak, talons 3, able to fly 1
a: Fly, Renounce Religion


You were on level 4 of the Dungeon.
You worshipped Vehumet.
Vehumet was noncommittal.
You were hungry.

You visited 1 branch of the dungeon, and saw 4 of its levels.

You collected 192 gold pieces.

Inventory:

Hand weapons
 l - a +0 spear (weapon)
Armour
 a - a +0 robe (worn)
 o - a +0 hat (worn)
 s - a +0 pair of gloves (worn)
Magical devices
 u - a wand of frost (9)
 x - a wand of cold (6)
Scrolls
 d - 3 scrolls of random uselessness {unknown}
 f - 5 scrolls of identify {unknown}
 g - a scroll of enchant armour {unknown}
 h - a scroll of fog {unknown}
 j - a scroll of enchant weapon {unknown}
 k - a scroll of noise {unknown}
 m - 2 scrolls of recharging {unknown}
 n - a scroll of fear {unknown}
 q - a scroll of remove curse {unknown}
 t - a scroll of teleportation {unknown}
 w - a scroll of amnesia {unknown}
Potions
 e - a potion of agility {unknown}
 i - a potion of beneficial mutation {unknown}
 r - a potion of degeneration {unknown}
Books
 b - a book of Flames

   Spells                             Type                      Level
   a - Flame Tongue                   Conjuration/Fire             1
   b - Throw Flame                    Conjuration/Fire             2
   c - Conjure Flame                  Conjuration/Fire             3
   d - Inner Flame                    Hexes/Fire                   3
   e - Sticky Flame                   Conjuration/Fire             4
   f - Fireball                       Conjuration/Fire             5
Comestibles
 c - a bread ration
 p - 6 fruits


   Skills:
 - Level 2.1 Dodging
 - Level 2.0 Stealth
 + Level 2.3 Spellcasting
 * Level 4.2 Conjurations
 * Level 5.2 Fire Magic


You had 2 spell levels left.
You knew the following spells:

 Your Spells              Type           Power        Failure   Level  Hunger
a - Flame Tongue          Conj/Fire      ###..        2%          1    #......
b - Throw Flame           Conj/Fire      ###...       4%          2    ##.....
c - Conjure Flame         Conj/Fire      ###.....     10%         3    ###....


Dungeon Overview and Level Annotations

Branches:
Dungeon (4/15)
 Temple: D:4-7

Altars:
Ashenzari
Dithmenos
Nemelex Xobeh
Vehumet


Innate Abilities, Weirdness & Mutations

You have a beak for a mouth.
You have claws for feet.
You can fly.


Message History

The flame tongue hits the phantom.
The phantom is severely damaged.
The phantom hits you.
Casting: Flame Tongue
Confirm with . or Enter, or press ? or * to list all spells.
Aiming: Flame Tongue
Press: ? - help, Shift-Dir - straight line, f/p - phantom
Aim: a phantom (severely damaged)
The flame tongue hits the phantom.
The phantom appears unharmed.
The phantom is severely damaged.
The phantom hits you.
* * * LOW HITPOINT WARNING * * *
Casting: Flame Tongue
Confirm with . or Enter, or press ? or * to list all spells.
You don't have enough magic to cast that spell.
Casting: Flame Tongue
Confirm with . or Enter, or press ? or * to list all spells.
You don't have enough magic to cast that spell.
The phantom hits you.
You die...

#.... ..# #....
.... #.....
##..## ....
.....#
...###....
###......
#.#.....W###...
#≈....@.......
#..............
.........#.....
.......... ....
........... ...
............ ..
...........#. .
..............


You could see a phantom.

Vanquished Creatures
  An orc wizard (D:3)
  A worker ant (D:3)
  4 adders
  An adder skeleton (D:4)
  2 worms
  A giant gecko (D:1)
  8 orcs (D:3)
  5 bats
  4 giant cockroaches
  6 hobgoblins
  3 jackals (D:3)
  6 kobolds
  3 quokkas
  A ball python (D:1)
  4 giant newts
  5 goblins
  2 rats
57 creatures vanquished.

Notes
Turn   | Place    | Note
--------------------------------------------------------------
     0 | D:1      | kae the Tengu Fire Elementalist began the quest for the Orb.
     0 | D:1      | Reached XP level 1. HP: 10/10 MP: 4/4
   219 | D:1      | Reached XP level 2. HP: 15/15 MP: 0/6
   882 | D:2      | Found a shattered altar of Ashenzari.
   883 | D:2      | Reached XP level 3. HP: 19/19 MP: 3/7
   887 | D:2      | Reached skill level 4 in Fire Magic
  1137 | D:2      | Learned a level 2 spell: Throw Flame
  1141 | D:2      | Learned a level 3 spell: Conjure Flame
  1632 | D:3      | Found a sparkling altar of Nemelex Xobeh.
  1707 | D:3      | Found a shadowy altar of Dithmenos.
  1722 | D:3      | Reached XP level 4. HP: 17/24 MP: 1/8
  2169 | D:3      | Found a radiant altar of Vehumet.
  2176 | D:3      | Became a worshipper of Vehumet
  2253 | D:3      | Gained mutation: You can fly. [Tengu growth]
  2253 | D:3      | Reached XP level 5. HP: 28/28 MP: 5/9
  2589 | D:4      | Noticed a phantom
  2595 | D:3      | Reached skill level 5 in Fire Magic
  3321 | D:4      | Slain by a phantom

Vault maps used:
D:1:      lemuel_arrival_muddy, minmay_misc_feat_more_columns
D:2:      lemuel_tele_altar
D:3:      nicolae_overflow_crystal_walls, lemuel_round_altar,
          overflow_temple_1_default
D:4:      grunt_temple_overflow_forces_of_nature, grunt_ministairs_8,
          hangedman_glass_teeth, kennysheep_generic_room_3

Action                   |  1- 3 |  4- 6 || total
-------------------------+-------+-------++-------
Melee: Unarmed           |     1 |       ||     1
       Spear             |     7 |    14 ||    21
 Cast: Flame Tongue      |    61 |    70 ||   131
       Throw Flame       |     1 |    11 ||    12
  Use: Potion            |     2 |       ||     2
 Stab: Sleeping          |     1 |       ||     1
  Eat: Chunk             |     3 |     6 ||     9
